 Dungeon Crawl Stone Soup version 0.23.2-33-g5129a83184 (webtiles) character file.

Game seed: 13439477163524335147

249 Revguard the Conjurer (level 6, -14/88 HPs)
             Began as an Ogre Conjurer on July 10, 2019.
             Demolished by an ogre
             ... wielding a +0 giant spiked club
              (22 damage)
             ... on level 3 of the Dungeon.
             The game lasted 00:11:12 (2419 turns).

Revguard the Conjurer (Ogre Conjurer)               Turns: 2419, Time: 00:11:13

Health: -14/88     AC: 23    Str: 13    XL:     6   Next: 12%
Magic:  0/11       EV:  1    Int: 16    God:
Gold:   38         SH:  0    Dex: 11    Spells: 2/12 levels left

rFire    . . .     SeeInvis .   d - +0 club
rCold    . . .     Gourm    .   (no shield)
rNeg     + + +     Faith    .   (armour currently unavailable)
rPois    +         Spirit   .   (helmet currently unavailable)
rElec    .         Reflect  .   (cloak currently unavailable)
rCorr    .         Harm     .   (gloves unavailable)
MR       .....     NoTele   +   (boots unavailable)
Stlth    ++........             (no amulet)
HPRegen  0.24/turn              (no ring)
MPRegen  0.12/turn              (no ring)

@: tree-form (expiring)
A: large, unfitting armour
a: no special abilities


You were on level 3 of the Dungeon.
You were not hungry.
You were a tree.
You visited 1 branch of the dungeon, and saw 3 of its levels.

You collected 38 gold pieces.

Inventory:

Hand Weapons
 d - a +0 club (weapon)
Armour
 a - a +0 robe (melded)
Scrolls
 e - 2 scrolls of fog {unknown}
 f - a scroll of amnesia {unknown}
 g - 2 scrolls of identify {unknown}
 h - a scroll of immolation {unknown}
 j - a scroll of enchant armour {unknown}
Comestibles
 c - 5 rations


   Skills:
 * Level 2.5 Fighting
 * Level 2.1 Maces & Flails
 * Level 2.5 Dodging
 - Level 1.4 Stealth
 + Level 3.8 Spellcasting
 * Level 4.6 Conjurations


You had 2 spell levels left.
You knew the following spells:

 Your Spells              Type           Power        Failure   Level  Hunger
a - Magic Dart            Conj           ###.         2%          1    None
b - Searing Ray           Conj           ###...       3%          2    ##.....
c - Dazzling Spray        Conj/Hex       ##....       19%         3    ###....
d - Fulminant Prism       Conj/Hex       ##........   54%         4    ####...

Your spell library contained the following spells:

 Spells                   Type           Power        Failure   Level  Hunger
 Iskenderun's Mystic Bla  Conj           ###.....     26%         4    ####...
 Force Lance              Conj/Tloc      ##......     54%         4    ####...


Dungeon Overview and Level Annotations

Branches:
Dungeon (3/15)

Altars:


Innate Abilities, Weirdness & Mutations

You are too large for most types of armour.
((You have tough skin. (AC +1)))


Message History

The ogre hits you with a +0 giant spiked club.
Casting: Magic Dart (safe; 2% risk of failure)
Confirm with . or Enter, or press ? or * to list all spells.
Aiming: Magic Dart (safe; 2% risk of failure)
Press: ? - help, Shift-Dir - straight line, f/p - ogre
Aim: an ogre, wielding a +0 giant spiked club (severely wounded)
The magic dart hits the ogre.
The ogre is severely wounded.
The orc hits you but does no damage.
You hit the ogre.
The ogre is almost dead.
The orc hits you but does no damage.
The ogre hits you with a +0 giant spiked club!!
* * * LOW HITPOINT WARNING * * *
You barely miss the ogre.
The ogre is almost dead.
Your transformation is almost over.
The orc hits you but does no damage.
The ogre hits you with a +0 giant spiked club!!
You die...

....o [...
... ... #†#
#.# ####)###
#<.oO..#
#...♣..#
#...........
#......#####
########


You could see an ogre and an orc.

Vanquished Creatures
  Sigmund (D:2)
  2 adders
  An ooze (D:2)
  4 worms
  2 dart slugs
  6 bats
  2 giant cockroaches
  12 goblins
  6 hobgoblins
  6 frilled lizards
  5 kobolds
  11 rats
58 creatures vanquished.

Notes
Turn   | Place    | Note
-------+----------+-------------------------------------------
     0 | D:1      | Revguard the Ogre Conjurer began the quest for the Orb.
     0 | D:1      | Reached XP level 1. HP: 16/16 MP: 3/3
   263 | D:1      | Reached XP level 2. HP: 6/26 MP: 0/5
   289 | D:1      | Learned a level 2 spell: Searing Ray
   709 | D:1      | Reached skill level 1 in Fighting
   753 | D:1      | Reached skill level 4 in Conjurations
   812 | D:1      | Reached XP level 3. HP: 28/33 MP: 0/7
  1160 | D:2      | Learned a level 3 spell: Dazzling Spray
  1549 | D:2      | Reached skill level 1 in Maces & Flails
  1674 | D:2      | Reached XP level 4. HP: 41/41 MP: 5/8
  1940 | D:2      | Noticed Sigmund
  1959 | D:2      | Killed Sigmund
  1959 | D:2      | Reached XP level 5. HP: 11/50 MP: 5/10
  1959 | D:2      | Reached XP level 6. HP: 14/59 MP: 5/11
  2207 | D:2      | Learned a level 4 spell: Fulminant Prism
  2419 | D:3      | Demolished by an ogre

Skill      XL: |  1  2  3  4 |
---------------+-------------+-----
Fighting       | 1 2 |  2.5
Conjurations   | 4 |  4.6
Dodging        | 2 |  2.5
Maces & Flails | 1 2 |  2.1
Spellcasting   | 3 |  3.8
Stealth        | |  1.4

Action                   |  1- 3 |  4- 6 || total
-------------------------+-------+-------++-------
Melee: Unarmed           |    21 |       ||    21
       Club              |    24 |    22 ||    46
 Cast: Magic Dart        |    55 |    18 ||    73
       Searing Ray       |     6 |     7 ||    13
       Dazzling Spray    |     1 |     3 ||     4
  Use: Potion            |       |     2 ||     2
  Eat: Chunk             |     3 |     3 ||     6
Armor: Robe              |    13 |     3 ||    16
       Skin              |       |     6 ||     6
Dodge: Dodged            |    30 |    17 ||    47
